[ PARTIDA AOE2 · #473898682 ]
UnrankedGurjaras vs Byzantines
[ ANÁLISIS DE REPETICIÓN · EXTRAÍDO DE LA PARTIDA GRABADA ]
Feudal
9:54
Castillos
—
Imperial
—
| APM promedio | 27.0 |
| APM pico | 88 |
| eAPM promedio | 10.7 |
| Aldeanos / militares | 40 / 7 |
Foco
⚔️ 30.2% · 🌾 69.8%
Camel Scout ×4 · Scout Cavalry ×3
Feudal
—
Castillos
—
Imperial
—
| APM promedio | 5.6 |
| APM pico | 63 |
| eAPM promedio | 1.8 |
| Aldeanos / militares | 7 / 0 |
Foco
⚔️ 63.4% · 🌾 36.6%
Feudal
10:08
Castillos
20:58
Imperial
—
| APM promedio | 54.7 |
| APM pico | 85 |
| eAPM promedio | 18.5 |
| Aldeanos / militares | 56 / 19 |
Foco
⚔️ 21.5% · 🌾 78.5%
Archer ×11 · Militia ×3 · Camel Scout ×2 · Mangonel ×1 · Battering Ram ×1 · Cavalry Archer ×1
Feudal
9:26
Castillos
—
Imperial
—
| APM promedio | 23.9 |
| APM pico | 58 |
| eAPM promedio | 14.1 |
| Aldeanos / militares | 14 / 0 |
Foco
⚔️ 51.2% · 🌾 48.8%
Feudal
8:55
Castillos
22:56
Imperial
—
| APM promedio | 57.9 |
| APM pico | 101 |
| eAPM promedio | 19.5 |
| Aldeanos / militares | 43 / 25 |
Foco
⚔️ 37.8% · 🌾 62.2%
Archer ×23 · Spearman ×1 · Battering Ram ×1
Feudal
12:17
Castillos
16:16
Imperial
—
| APM promedio | 43.9 |
| APM pico | 85 |
| eAPM promedio | 10.4 |
| Aldeanos / militares | 34 / 21 |
Foco
⚔️ 26.7% · 🌾 73.3%
Archer ×20 · Mangonel ×1
Mapa de la partida
Recursos iniciales + cada clic de construcción. Líneas = muros · curvas = relieve. ◆ oro · ⬟ piedra · ● bayas · ✦ reliquia · ◌ hueco del cierre
Tu base· Abierta — hueco de 2t
Base de Ceeelebrate· Abierta — flanco sin cerrar
Base de AOKI_Thanouille· Abierta — hueco de 5t
Base de billy bad beat· Abierta — flanco sin cerrar
Base de AOKI_Yo· Abierta — flanco sin cerrar
Base de AOKI_WALLY· Abierta — flanco sin cerrar
Terreno inicial suavizado · ◌ = hueco del cierre detectado · pasá el cursor para detalles
Inputs por minuto
— king_James - - Ceeelebrate
Build order — king_James
84 acciones detectadas en el replay
| 0:01 | Crear | Villager (Male) |
| 0:02 | Crear | Villager (Male) |
| 0:02 | Crear | Villager (Male) |
| 0:02 | Crear | Villager (Male) |
| 0:06 | Construir | House |
| 0:09 | Construir | House |
| 0:44 | Construir | Mill |
| 1:37 | Crear | Villager (Male) |
| 2:05 | Crear | Villager (Male) |
| 2:17 | Crear | Villager (Male) |
| 2:41 | Crear | Villager (Male) |
| 3:07 | Crear | Villager (Male) |
| 3:07 | Crear | Villager (Male) |
| 3:28 | Crear | Villager (Male) |
| 3:45 | Crear | Villager (Male) |
| 3:45 | Crear | Villager (Male) |
| 4:23 | Construir | House |
| 4:26 | Crear | Villager (Male) |
| 4:27 | Crear | Villager (Male) |
| 4:32 | Crear | Villager (Male) |
| 5:02 | Construir | Lumber Camp |
| 5:09 | Crear | Villager (Male) |
| 5:09 | Crear | Villager (Male) |
| 5:17 | Crear | Villager (Male) |
| 5:37 | Crear | Villager (Male) |
| 5:37 | Crear | Villager (Male) |
| 5:37 | Crear | Villager (Male) |
| 5:52 | Crear | Villager (Male) |
| 5:55 | Construir | House |
| 5:56 | Construir | House |
| 6:18 | Crear | Villager (Male) |
| 6:45 | Crear | Villager (Male) |
| 6:45 | Crear | Villager (Male) |
| 6:59 | Investigar | Loom |
| 7:06 | Construir | Mill |
| 7:34 | Investigar | Feudal Age |
| 8:47 | Construir | Barracks |
| 8:51 | Construir | House |
| 9:45 | Construir | Mining Camp |
| 9:54 | Edad | Edad Feudal |
| 10:07 | Crear | Villager (Male) |
| 10:07 | Crear | Villager (Male) |
| 10:20 | Construir | Stable |
| 10:29 | Construir | Palisade Wall |
| 10:29 | Construir | Palisade Wall |
| 10:31 | Construir | Palisade Wall |
| 10:34 | Construir | Palisade Wall |
| 10:38 | Crear | Villager (Male) |
| 10:51 | Crear | Camel Scout |
| 10:53 | Crear | Scout Cavalry |
| 10:58 | Crear | Villager (Male) |
| 11:05 | Construir | Watch Tower |
| 11:15 | Investigar | Double-Bit Axe |
| 11:27 | Crear | Villager (Male) |
| 11:55 | Crear | Villager (Male) |
| 11:55 | Crear | Villager (Male) |
| 12:01 | Crear | Camel Scout |
| 12:02 | Crear | Scout Cavalry |
| 12:05 | Construir | Blacksmith |
| 12:43 | Investigar | Scale Barding Armor |
| 12:53 | Crear | Camel Scout |
| 13:15 | Construir | Mining Camp |
| 13:16 | Crear | Scout Cavalry |
| 13:56 | Construir | Market |
| 14:28 | Crear | Villager (Male) |
| 15:02 | Investigar | Bloodlines |
| 15:03 | Crear | Camel Scout |
| 15:16 | Crear | Villager (Male) |
| 15:29 | Construir | House |
| 15:50 | Crear | Villager (Male) |
| 15:50 | Crear | Villager (Male) |
| 15:53 | Construir | House |
| 15:55 | Construir | House |
| 16:08 | Construir | Watch Tower |
| 16:53 | Construir | Farm |
| 17:01 | Crear | Villager (Male) |
| 17:10 | Construir | Watch Tower |
| 17:13 | Investigar | Fletching |
| 17:37 | Construir | Palisade Wall |
| 18:02 | Crear | Villager (Male) |
| 18:20 | Construir | Farm |
| 18:22 | Construir | Farm |
| 18:32 | Crear | Villager (Male) |
| 18:45 | Construir | Mill |
Build order — Ceeelebrate
8 acciones detectadas en el replay
| 0:01 | Investigar | Loom |
| 0:41 | Crear | Villager (Male) |
| 1:07 | Crear | Villager (Male) |
| 1:32 | Crear | Villager (Male) |
| 1:57 | Crear | Villager (Male) |
| 2:24 | Crear | Villager (Male) |
| 2:25 | Crear | Villager (Male) |
| 2:25 | Crear | Villager (Male) |
Build order — AOKI_Thanouille
135 acciones detectadas en el replay
| 0:00 | Crear | Villager (Male) |
| 0:00 | Crear | Villager (Male) |
| 0:01 | Crear | Villager (Male) |
| 0:01 | Crear | Villager (Male) |
| 0:02 | Construir | House |
| 0:04 | Construir | House |
| 1:33 | Crear | Villager (Male) |
| 1:53 | Crear | Villager (Male) |
| 1:58 | Construir | Lumber Camp |
| 2:15 | Crear | Villager (Male) |
| 2:37 | Crear | Villager (Male) |
| 3:02 | Crear | Villager (Male) |
| 3:22 | Crear | Villager (Male) |
| 3:25 | Construir | House |
| 3:26 | Construir | House |
| 3:46 | Crear | Villager (Male) |
| 4:06 | Crear | Villager (Male) |
| 4:37 | Crear | Villager (Male) |
| 4:51 | Construir | Barracks |
| 5:13 | Crear | Villager (Male) |
| 5:17 | Crear | Villager (Male) |
| 5:17 | Crear | Villager (Male) |
| 5:30 | Investigar | Loom |
| 5:37 | Construir | House |
| 6:24 | Crear | Villager (Male) |
| 6:25 | Investigar | Loom |
| 6:26 | Construir | Mining Camp |
| 6:52 | Crear | Villager (Male) |
| 7:53 | Crear | Villager (Male) |
| 7:58 | Investigar | Feudal Age |
| 8:04 | Construir | House |
| 8:22 | Construir | Lumber Camp |
| 8:38 | Crear | Militia |
| 8:38 | Crear | Militia |
| 8:39 | Crear | Militia |
| 9:12 | Crear | Villager (Male) |
| 10:08 | Edad | Edad Feudal |
| 10:11 | Investigar | Man-at-Arms (upgrade) |
| 10:14 | Crear | Villager (Male) |
| 10:17 | Construir | Archery Range |
| 10:28 | Crear | Villager (Male) |
| 11:04 | Crear | Villager (Male) |
| 11:04 | Crear | Villager (Male) |
| 11:07 | Construir | Mill |
| 11:09 | Crear | Archer |
| 11:09 | Crear | Archer |
| 11:19 | Investigar | Double-Bit Axe |
| 11:35 | Construir | Farm |
| 11:36 | Construir | Farm |
| 11:37 | Construir | Farm |
| 11:51 | Crear | Villager (Male) |
| 11:52 | Construir | Farm |
| 12:05 | Construir | Farm |
| 12:07 | Crear | Villager (Male) |
| 12:11 | Crear | Archer |
| 12:22 | Construir | House |
| 12:32 | Construir | Farm |
| 12:36 | Crear | Villager (Male) |
| 12:50 | Crear | Archer |
| 12:51 | Crear | Villager (Male) |
| 13:11 | Investigar | Horse Collar |
| 13:11 | Investigar | Horse Collar |
| 13:25 | Construir | Farm |
| 13:27 | Construir | Farm |
| 13:39 | Crear | Villager (Male) |
| 13:40 | Crear | Archer |
| 13:42 | Crear | Villager (Male) |
| 13:44 | Construir | House |
| 13:56 | Crear | Villager (Male) |
| 14:01 | Construir | Farm |
| 14:11 | Crear | Archer |
| 14:11 | Crear | Archer |
| 14:14 | Crear | Villager (Male) |
| 14:31 | Crear | Villager (Male) |
| 14:38 | Crear | Villager (Male) |
| 14:44 | Construir | Blacksmith |
| 14:48 | Crear | Villager (Male) |
| 14:56 | Construir | House |
| 15:02 | Crear | Villager (Male) |
| 15:07 | Crear | Archer |
| 15:08 | Crear | Villager (Male) |
| 15:17 | Crear | Villager (Male) |
| 15:18 | Crear | Villager (Male) |
| 15:22 | Investigar | Fletching |
| 15:24 | Construir | House |
| 15:36 | Crear | Villager (Male) |
| 15:47 | Crear | Villager (Male) |
| 15:53 | Crear | Villager (Male) |
| 16:06 | Crear | Archer |
| 16:08 | Construir | Farm |
| 16:10 | Construir | Farm |
| 16:13 | Crear | Villager (Male) |
| 16:46 | Crear | Archer |
| 16:53 | Construir | Lumber Camp |
| 16:54 | Crear | Villager (Male) |
| 17:00 | Crear | Archer |
| 17:04 | Construir | Market |
| 17:53 | Crear | Villager (Male) |
| 18:16 | Investigar | Castle Age |
| 18:23 | Construir | Stable |
| 18:24 | Construir | Stable |
| 18:46 | Investigar | Gold Mining |
| 18:46 | Investigar | Gold Mining |
| 18:52 | Construir | Lumber Camp |
| 19:08 | Crear | Villager (Male) |
| 19:37 | Construir | Lumber Camp |
| 20:09 | Construir | Mining Camp |
| 20:58 | Edad | Edad de los Castillos |
| 21:05 | Investigar | Bow Saw |
| 21:08 | Crear | Camel Scout |
| 21:09 | Crear | Camel Scout |
| 21:11 | Crear | Villager (Male) |
| 21:13 | Construir | Siege Workshop |
| 21:47 | Crear | Mangonel |
| 21:50 | Crear | Villager (Male) |
| 21:52 | Crear | Battering Ram |
| 21:54 | Crear | Villager (Male) |
| 22:04 | Construir | Outpost |
| 22:10 | Construir | Outpost |
| 22:19 | Crear | Villager (Male) |
| 22:27 | Construir | Outpost |
| 22:52 | Crear | Cavalry Archer |
| 22:53 | Crear | Villager (Male) |
| 23:02 | Construir | House |
| 23:07 | Construir | Outpost |
| 23:13 | Construir | House |
| 23:18 | Construir | House |
| 23:42 | Crear | Villager (Male) |
| 23:42 | Crear | Villager (Male) |
| 23:43 | Crear | Villager (Male) |
| 23:55 | Construir | Lumber Camp |
| 24:00 | Crear | Villager (Male) |
| 24:09 | Construir | Outpost |
| 24:31 | Construir | Outpost |
| 24:31 | Crear | Villager (Male) |
Build order — billy bad beat
108 acciones detectadas en el replay
| 0:02 | Crear | Villager (Male) |
| 0:02 | Crear | Villager (Male) |
| 0:02 | Crear | Villager (Male) |
| 0:05 | Construir | House |
| 0:06 | Construir | House |
| 0:08 | Crear | Villager (Male) |
| 1:29 | Crear | Villager (Male) |
| 2:01 | Crear | Villager (Male) |
| 2:19 | Construir | Lumber Camp |
| 2:26 | Investigar | Loom |
| 2:29 | Crear | Villager (Male) |
| 3:04 | Crear | Villager (Male) |
| 3:50 | Construir | Farm |
| 3:55 | Crear | Villager (Male) |
| 3:55 | Crear | Villager (Male) |
| 4:21 | Crear | Villager (Male) |
| 4:27 | Construir | House |
| 4:53 | Crear | Villager (Male) |
| 4:57 | Crear | Villager (Male) |
| 6:42 | Construir | Palisade Wall |
| 6:42 | Construir | Palisade Wall |
| 6:43 | Construir | Palisade Wall |
| 7:16 | Investigar | Feudal Age |
| 7:58 | Construir | House |
| 8:40 | Construir | Palisade Wall |
| 8:43 | Construir | Palisade Wall |
| 8:46 | Construir | Palisade Wall |
| 9:26 | Edad | Edad Feudal |
| 9:29 | Crear | Villager (Male) |
| 9:34 | Construir | Stone Wall |
| 9:35 | Construir | Stone Wall |
| 9:38 | Construir | Stone Wall |
| 9:39 | Construir | Stone Wall |
| 9:40 | Construir | Stone Wall |
| 9:45 | Construir | Stone Wall |
| 9:48 | Construir | Stone Wall |
| 9:49 | Construir | Stone Wall |
| 9:59 | Construir | Stone Wall |
| 10:04 | Construir | Watch Tower |
| 10:20 | Construir | Watch Tower |
| 10:36 | Construir | Stone Wall |
| 10:37 | Construir | Stone Wall |
| 10:38 | Construir | Stone Wall |
| 10:39 | Construir | Stone Wall |
| 10:57 | Construir | Stone Wall |
| 11:11 | Construir | Stone Wall |
| 11:14 | Construir | Stone Wall |
| 11:15 | Construir | Stone Wall |
| 11:16 | Construir | Stone Wall |
| 11:32 | Investigar | Town Watch |
| 11:48 | Construir | House |
| 11:51 | Construir | House |
| 12:22 | Construir | Palisade Wall |
| 12:23 | Construir | Palisade Wall |
| 12:25 | Construir | Palisade Wall |
| 12:58 | Construir | Palisade Wall |
| 13:06 | Construir | Stone Wall |
| 13:13 | Construir | Stone Wall |
| 13:18 | Construir | Watch Tower |
| 13:20 | Construir | Stone Wall |
| 13:27 | Construir | Stone Wall |
| 14:35 | Construir | Watch Tower |
| 14:38 | Construir | Palisade Wall |
| 14:39 | Construir | Palisade Wall |
| 14:40 | Construir | Palisade Wall |
| 14:41 | Construir | Palisade Wall |
| 14:41 | Construir | Palisade Wall |
| 14:42 | Construir | Palisade Wall |
| 14:43 | Construir | Palisade Wall |
| 14:44 | Construir | Palisade Wall |
| 14:44 | Construir | Palisade Wall |
| 14:44 | Construir | Palisade Wall |
| 14:45 | Construir | Palisade Wall |
| 14:45 | Construir | Palisade Wall |
| 14:46 | Construir | Palisade Wall |
| 15:00 | Construir | Stone Wall |
| 15:02 | Construir | Palisade Wall |
| 15:11 | Construir | Stone Wall |
| 15:12 | Construir | Stone Wall |
| 15:14 | Construir | Palisade Wall |
| 15:52 | Construir | Palisade Wall |
| 15:57 | Construir | Palisade Wall |
| 16:00 | Construir | Palisade Wall |
| 16:21 | Construir | Stone Wall |
| 16:22 | Construir | Stone Wall |
| 17:59 | Construir | Watch Tower |
| 18:28 | Construir | Stone Wall |
| 18:29 | Construir | Stone Wall |
| 18:30 | Construir | Stone Wall |
| 18:31 | Construir | Stone Wall |
| 18:59 | Construir | Palisade Wall |
| 19:00 | Construir | Palisade Wall |
| 19:36 | Construir | Palisade Wall |
| 19:36 | Construir | Palisade Wall |
| 19:37 | Construir | Palisade Wall |
| 19:38 | Construir | Palisade Wall |
| 19:38 | Construir | Palisade Wall |
| 19:56 | Construir | Palisade Wall |
| 19:57 | Construir | Palisade Wall |
| 19:58 | Construir | Palisade Wall |
| 19:59 | Construir | Palisade Wall |
| 20:25 | Construir | Palisade Wall |
| 20:25 | Construir | Palisade Wall |
| 20:26 | Construir | Palisade Wall |
| 20:26 | Construir | Palisade Wall |
| 20:47 | Construir | Palisade Wall |
| 20:47 | Construir | Palisade Wall |
| 20:48 | Construir | Palisade Wall |
Build order — AOKI_Yo
133 acciones detectadas en el replay
| 0:01 | Crear | Villager (Male) |
| 0:01 | Crear | Villager (Male) |
| 0:03 | Construir | House |
| 0:05 | Construir | House |
| 0:09 | Crear | Villager (Male) |
| 0:09 | Crear | Villager (Male) |
| 1:24 | Crear | Villager (Male) |
| 1:47 | Construir | Lumber Camp |
| 1:50 | Crear | Villager (Male) |
| 2:25 | Crear | Villager (Male) |
| 2:54 | Crear | Villager (Male) |
| 3:00 | Crear | Villager (Male) |
| 3:25 | Construir | House |
| 3:37 | Crear | Villager (Male) |
| 4:06 | Crear | Villager (Male) |
| 4:08 | Crear | Villager (Male) |
| 5:05 | Crear | Villager (Male) |
| 5:09 | Construir | Mining Camp |
| 5:23 | Crear | Villager (Male) |
| 5:40 | Crear | Villager (Male) |
| 5:58 | Investigar | Loom |
| 6:39 | Investigar | Feudal Age |
| 7:34 | Construir | Barracks |
| 7:37 | Construir | House |
| 8:27 | Crear | Villager (Male) |
| 8:55 | Edad | Edad Feudal |
| 8:57 | Construir | Archery Range |
| 9:04 | Construir | Archery Range |
| 9:09 | Crear | Villager (Male) |
| 9:26 | Crear | Villager (Male) |
| 9:39 | Construir | House |
| 9:43 | Crear | Villager (Male) |
| 9:52 | Crear | Archer |
| 9:56 | Crear | Archer |
| 10:04 | Crear | Archer |
| 10:06 | Crear | Villager (Male) |
| 10:20 | Crear | Archer |
| 10:21 | Crear | Villager (Male) |
| 10:39 | Crear | Archer |
| 10:40 | Crear | Villager (Male) |
| 10:44 | Construir | House |
| 10:58 | Crear | Archer |
| 11:01 | Crear | Villager (Male) |
| 11:08 | Construir | Blacksmith |
| 11:12 | Construir | House |
| 11:23 | Crear | Archer |
| 11:23 | Crear | Archer |
| 11:28 | Construir | House |
| 11:43 | Construir | Mill |
| 11:51 | Crear | Archer |
| 11:52 | Crear | Villager (Male) |
| 12:19 | Investigar | Fletching |
| 12:49 | Crear | Archer |
| 12:50 | Crear | Archer |
| 13:15 | Crear | Villager (Male) |
| 13:15 | Crear | Villager (Male) |
| 13:18 | Crear | Archer |
| 13:18 | Crear | Archer |
| 13:49 | Crear | Archer |
| 13:51 | Crear | Villager (Male) |
| 13:51 | Crear | Villager (Male) |
| 14:21 | Crear | Villager (Male) |
| 14:29 | Crear | Spearman |
| 14:53 | Crear | Archer |
| 14:53 | Crear | Archer |
| 14:56 | Investigar | Double-Bit Axe |
| 14:58 | Crear | Villager (Male) |
| 15:02 | Construir | Farm |
| 15:04 | Construir | Farm |
| 15:06 | Crear | Archer |
| 15:06 | Crear | Archer |
| 15:16 | Crear | Archer |
| 15:16 | Crear | Archer |
| 15:30 | Crear | Archer |
| 15:31 | Crear | Villager (Male) |
| 15:33 | Construir | House |
| 15:34 | Construir | House |
| 15:40 | Crear | Villager (Male) |
| 15:43 | Construir | Farm |
| 15:44 | Construir | Farm |
| 15:45 | Construir | Farm |
| 15:47 | Construir | Farm |
| 15:48 | Construir | Farm |
| 15:49 | Construir | Outpost |
| 15:51 | Crear | Villager (Male) |
| 15:54 | Construir | House |
| 16:01 | Crear | Archer |
| 16:02 | Crear | Archer |
| 16:41 | Construir | Lumber Camp |
| 16:46 | Crear | Villager (Male) |
| 16:46 | Crear | Villager (Male) |
| 17:02 | Crear | Villager (Male) |
| 17:05 | Construir | Farm |
| 17:12 | Crear | Villager (Male) |
| 17:31 | Crear | Villager (Male) |
| 17:34 | Construir | Farm |
| 17:55 | Crear | Villager (Male) |
| 18:12 | Crear | Villager (Male) |
| 18:19 | Construir | House |
| 18:20 | Construir | House |
| 18:23 | Crear | Villager (Male) |
| 18:25 | Construir | Farm |
| 18:47 | Construir | Farm |
| 18:51 | Construir | Market |
| 19:42 | Construir | House |
| 19:50 | Construir | Farm |
| 19:55 | Construir | Farm |
| 20:16 | Investigar | Castle Age |
| 20:16 | Investigar | Castle Age |
| 20:33 | Construir | House |
| 20:34 | Construir | House |
| 20:47 | Investigar | Gold Mining |
| 21:48 | Construir | Outpost |
| 21:52 | Construir | Outpost |
| 21:54 | Construir | Outpost |
| 21:56 | Investigar | Town Watch |
| 22:02 | Construir | Outpost |
| 22:04 | Construir | Outpost |
| 22:05 | Construir | Outpost |
| 22:07 | Construir | Outpost |
| 22:09 | Construir | Outpost |
| 22:21 | Construir | Farm |
| 22:56 | Edad | Edad de los Castillos |
| 22:59 | Construir | Siege Workshop |
| 23:16 | Crear | Villager (Male) |
| 23:56 | Construir | House |
| 24:04 | Crear | Battering Ram |
| 24:13 | Crear | Villager (Male) |
| 24:26 | Construir | Outpost |
| 24:29 | Construir | Outpost |
| 24:30 | Construir | Outpost |
| 24:36 | Construir | Outpost |
| 24:37 | Construir | Outpost |
Build order — AOKI_WALLY
106 acciones detectadas en el replay
| 0:01 | Crear | Villager (Male) |
| 0:03 | Construir | House |
| 0:04 | Construir | House |
| 0:19 | Crear | Villager (Male) |
| 0:20 | Crear | Villager (Male) |
| 0:20 | Crear | Villager (Male) |
| 1:38 | Crear | Villager (Male) |
| 2:07 | Crear | Villager (Male) |
| 2:11 | Construir | Lumber Camp |
| 2:21 | Crear | Villager (Male) |
| 3:02 | Crear | Villager (Male) |
| 3:08 | Construir | House |
| 3:21 | Crear | Villager (Male) |
| 3:37 | Crear | Villager (Male) |
| 4:04 | Crear | Villager (Male) |
| 4:25 | Crear | Villager (Male) |
| 4:41 | Crear | Villager (Male) |
| 4:59 | Crear | Villager (Male) |
| 5:12 | Crear | Villager (Male) |
| 5:17 | Construir | House |
| 5:18 | Construir | House |
| 5:28 | Crear | Villager (Male) |
| 5:35 | Construir | Mill |
| 6:02 | Crear | Villager (Male) |
| 6:31 | Crear | Villager (Male) |
| 6:55 | Crear | Villager (Male) |
| 6:55 | Crear | Villager (Male) |
| 7:13 | Crear | Villager (Male) |
| 7:55 | Crear | Villager (Male) |
| 8:15 | Crear | Villager (Male) |
| 8:56 | Construir | Barracks |
| 9:28 | Construir | Mining Camp |
| 9:42 | Crear | Villager (Male) |
| 9:45 | Investigar | Feudal Age |
| 9:49 | Construir | House |
| 9:53 | Construir | Farm |
| 9:56 | Construir | Farm |
| 11:10 | Construir | Farm |
| 11:38 | Construir | Farm |
| 12:17 | Edad | Edad Feudal |
| 12:19 | Construir | Archery Range |
| 12:25 | Crear | Villager (Male) |
| 12:26 | Crear | Villager (Male) |
| 12:32 | Construir | Blacksmith |
| 13:36 | Investigar | Castle Age |
| 13:36 | Investigar | Castle Age |
| 13:44 | Construir | Archery Range |
| 13:48 | Crear | Archer |
| 13:57 | Investigar | Fletching |
| 14:23 | Crear | Archer |
| 14:23 | Crear | Archer |
| 14:59 | Construir | Archery Range |
| 15:08 | Crear | Archer |
| 15:08 | Crear | Archer |
| 15:08 | Crear | Archer |
| 16:07 | Construir | House |
| 16:09 | Construir | House |
| 16:16 | Edad | Edad de los Castillos |
| 16:18 | Investigar | Crossbowman (upgrade) |
| 16:19 | Investigar | Bodkin Arrow |
| 16:24 | Crear | Archer |
| 16:24 | Crear | Archer |
| 16:24 | Crear | Archer |
| 16:25 | Crear | Archer |
| 16:26 | Crear | Villager (Male) |
| 16:26 | Crear | Villager (Male) |
| 17:11 | Crear | Archer |
| 17:12 | Crear | Archer |
| 17:12 | Crear | Archer |
| 17:12 | Crear | Archer |
| 17:13 | Crear | Villager (Male) |
| 17:42 | Construir | Siege Workshop |
| 17:48 | Crear | Archer |
| 17:48 | Crear | Archer |
| 17:48 | Crear | Archer |
| 17:49 | Crear | Villager (Male) |
| 17:51 | Construir | House |
| 17:51 | Construir | House |
| 17:51 | Construir | House |
| 17:52 | Construir | House |
| 18:31 | Construir | House |
| 18:33 | Crear | Mangonel |
| 18:40 | Crear | Villager (Male) |
| 18:43 | Crear | Archer |
| 18:43 | Crear | Archer |
| 18:43 | Crear | Archer |
| 18:59 | Construir | Farm |
| 19:37 | Construir | Mining Camp |
| 19:40 | Crear | Villager (Male) |
| 19:41 | Crear | Villager (Male) |
| 19:44 | Construir | Farm |
| 20:06 | Crear | Villager (Male) |
| 20:12 | Construir | Farm |
| 20:28 | Construir | Outpost |
| 20:29 | Construir | Outpost |
| 20:30 | Construir | Outpost |
| 20:31 | Construir | Outpost |
| 20:32 | Construir | Outpost |
| 21:07 | Construir | Farm |
| 21:43 | Construir | Lumber Camp |
| 22:05 | Construir | Outpost |
| 23:12 | Construir | Castle |
| 23:22 | Construir | Market |
| 23:53 | Construir | Outpost |
| 24:22 | Construir | Mining Camp |
| 24:24 | Investigar | Imperial Age |
Cronología de la partida
| 2:48 | Ceeelebrate · resign |
| 4:51 | AOKI_Thanouille · first_building Barracks |
| 6:42 | billy bad beat · wall_segment Palisade Wall x1 |
| 6:42 | billy bad beat · wall_segment Palisade Wall x1 |
| 6:43 | billy bad beat · wall_segment Palisade Wall x1 |
| 7:34 | AOKI_Yo · first_building Barracks |
| 8:40 | billy bad beat · wall_segment Palisade Wall x1 |
| 8:43 | billy bad beat · wall_segment Palisade Wall x1 |
| 8:46 | billy bad beat · wall_segment Palisade Wall x1 |
| 8:47 | king_James · first_building Barracks |
| 8:55 | AOKI_Yo · age_up feudal |
| 8:56 | AOKI_WALLY · first_building Barracks |
| 8:57 | AOKI_Yo · first_building Archery Range |
| 9:26 | billy bad beat · age_up feudal |
| 9:34 | billy bad beat · wall_segment Stone Wall x1 |
| 9:35 | billy bad beat · wall_segment Stone Wall x1 |
| 9:38 | billy bad beat · wall_segment Stone Wall x1 |
| 9:39 | billy bad beat · wall_segment Stone Wall x1 |
| 9:40 | billy bad beat · wall_segment Stone Wall x1 |
| 9:45 | billy bad beat · wall_segment Stone Wall x1 |
| 9:48 | billy bad beat · wall_segment Stone Wall x1 |
| 9:49 | billy bad beat · wall_segment Stone Wall x1 |
| 9:54 | king_James · age_up feudal |
| 9:59 | billy bad beat · wall_segment Stone Wall x1 |
| 10:08 | AOKI_Thanouille · age_up feudal |
| 10:17 | AOKI_Thanouille · first_building Archery Range |
| 10:20 | king_James · first_building Stable |
| 10:29 | king_James · wall_segment Palisade Wall x1 |
| 10:29 | king_James · wall_segment Palisade Wall x1 |
| 10:31 | king_James · wall_segment Palisade Wall x1 |
| 10:34 | king_James · wall_segment Palisade Wall x1 |
| 10:36 | billy bad beat · wall_segment Stone Wall x1 |
| 10:37 | billy bad beat · wall_segment Stone Wall x1 |
| 10:38 | billy bad beat · wall_segment Stone Wall x1 |
| 10:39 | billy bad beat · wall_segment Stone Wall x1 |
| 10:57 | billy bad beat · wall_segment Stone Wall x1 |
| 11:11 | billy bad beat · wall_segment Stone Wall x1 |
| 11:14 | billy bad beat · wall_segment Stone Wall x1 |
| 11:15 | billy bad beat · wall_segment Stone Wall x1 |
| 11:16 | billy bad beat · wall_segment Stone Wall x1 |
| 12:17 | AOKI_WALLY · age_up feudal |
| 12:19 | AOKI_WALLY · first_building Archery Range |
| 12:22 | billy bad beat · wall_segment Palisade Wall x1 |
| 12:23 | billy bad beat · wall_segment Palisade Wall x1 |
| 12:25 | billy bad beat · wall_segment Palisade Wall x1 |
| 12:58 | billy bad beat · wall_segment Palisade Wall x1 |
| 13:06 | billy bad beat · wall_segment Stone Wall x1 |
| 13:13 | billy bad beat · wall_segment Stone Wall x1 |
| 13:20 | billy bad beat · wall_segment Stone Wall x1 |
| 13:27 | billy bad beat · wall_segment Stone Wall x1 |
| 14:38 | billy bad beat · wall_segment Palisade Wall x1 |
| 14:39 | billy bad beat · wall_segment Palisade Wall x1 |
| 14:40 | billy bad beat · wall_segment Palisade Wall x1 |
| 14:41 | billy bad beat · wall_segment Palisade Wall x1 |
| 14:41 | billy bad beat · wall_segment Palisade Wall x1 |
| 14:42 | billy bad beat · wall_segment Palisade Wall x1 |
| 14:43 | billy bad beat · wall_segment Palisade Wall x1 |
| 14:44 | billy bad beat · wall_segment Palisade Wall x1 |
| 14:44 | billy bad beat · wall_segment Palisade Wall x2 |
| 14:44 | billy bad beat · wall_segment Palisade Wall x1 |
| 14:45 | billy bad beat · wall_segment Palisade Wall x2 |
| 14:45 | billy bad beat · wall_segment Palisade Wall x1 |
| 14:46 | billy bad beat · wall_segment Palisade Wall x1 |
| 14:51 | king_James · first_market_buy 100 food |
| 14:57 | king_James · first_market_sell 100 wood |
| 15:00 | billy bad beat · wall_segment Stone Wall x1 |
| 15:02 | billy bad beat · wall_segment Palisade Wall x1 |
| 15:11 | billy bad beat · wall_segment Stone Wall x1 |
| 15:12 | billy bad beat · wall_segment Stone Wall x1 |
| 15:14 | billy bad beat · wall_segment Palisade Wall x1 |
| 15:52 | billy bad beat · wall_segment Palisade Wall x1 |
| 15:57 | billy bad beat · wall_segment Palisade Wall x1 |
| 16:00 | billy bad beat · wall_segment Palisade Wall x1 |
| 16:16 | AOKI_WALLY · age_up castle |
| 16:21 | billy bad beat · wall_segment Stone Wall x1 |
| 16:22 | billy bad beat · wall_segment Stone Wall x1 |
| 17:37 | king_James · wall_segment Palisade Wall x1 |
| 17:42 | AOKI_WALLY · first_building Siege Workshop |
| 18:11 | AOKI_Thanouille · first_market_sell 100 stone |
| 18:12 | AOKI_Thanouille · first_market_buy 100 food |
| 18:23 | AOKI_Thanouille · first_building Stable |
| 18:28 | billy bad beat · wall_segment Stone Wall x1 |
| 18:29 | billy bad beat · wall_segment Stone Wall x1 |
| 18:30 | billy bad beat · wall_segment Stone Wall x1 |
| 18:31 | billy bad beat · wall_segment Stone Wall x1 |
| 18:59 | billy bad beat · wall_segment Palisade Wall x1 |
| 19:00 | billy bad beat · wall_segment Palisade Wall x1 |
| 19:36 | billy bad beat · wall_segment Palisade Wall x1 |
| 19:36 | billy bad beat · wall_segment Palisade Wall x1 |
| 19:37 | billy bad beat · wall_segment Palisade Wall x1 |
| 19:38 | billy bad beat · wall_segment Palisade Wall x1 |
| 19:38 | billy bad beat · wall_segment Palisade Wall x1 |
| 19:55 | AOKI_Thanouille · tribute_sent a jugador 1 |
| 19:55 | AOKI_Thanouille · tribute_sent a jugador 3 |
| 19:55 | AOKI_Thanouille · tribute_sent a jugador 4 |
| 19:55 | AOKI_Thanouille · tribute_sent a jugador 5 |
| 19:55 | AOKI_Thanouille · tribute_sent a jugador 6 |
| 19:56 | billy bad beat · wall_segment Palisade Wall x1 |
| 19:57 | billy bad beat · wall_segment Palisade Wall x1 |
| 19:58 | billy bad beat · wall_segment Palisade Wall x1 |
| 19:59 | billy bad beat · wall_segment Palisade Wall x1 |
| 20:11 | AOKI_Yo · first_market_buy 100 food |
| 20:25 | billy bad beat · wall_segment Palisade Wall x1 |
| 20:25 | billy bad beat · wall_segment Palisade Wall x1 |
| 20:26 | billy bad beat · wall_segment Palisade Wall x1 |
| 20:26 | billy bad beat · wall_segment Palisade Wall x1 |
| 20:47 | billy bad beat · wall_segment Palisade Wall x1 |
| 20:47 | billy bad beat · wall_segment Palisade Wall x1 |
| 20:48 | billy bad beat · wall_segment Palisade Wall x1 |
| 20:58 | AOKI_Thanouille · age_up castle |
| 21:13 | AOKI_Thanouille · first_building Siege Workshop |
| 22:39 | AOKI_Thanouille · tribute_sent a jugador 1 |
| 22:39 | AOKI_Thanouille · tribute_sent a jugador 3 |
| 22:39 | AOKI_Thanouille · tribute_sent a jugador 4 |
| 22:39 | AOKI_Thanouille · tribute_sent a jugador 5 |
| 22:39 | AOKI_Thanouille · tribute_sent a jugador 6 |
| 22:49 | AOKI_Yo · tribute_sent a jugador 1 |
| 22:49 | AOKI_Yo · tribute_sent a jugador 2 |
| 22:49 | AOKI_Yo · tribute_sent a jugador 3 |
| 22:49 | AOKI_Yo · tribute_sent a jugador 5 |
| 22:49 | AOKI_Yo · tribute_sent a jugador 6 |
| 22:56 | AOKI_Yo · age_up castle |
| 22:59 | AOKI_Yo · first_building Siege Workshop |
| 23:08 | AOKI_Yo · tribute_sent a jugador 1 |
| 23:08 | AOKI_Yo · tribute_sent a jugador 2 |
| 23:08 | AOKI_Yo · tribute_sent a jugador 3 |
| 23:08 | AOKI_Yo · tribute_sent a jugador 5 |
| 23:08 | AOKI_Yo · tribute_sent a jugador 6 |
| 23:12 | AOKI_WALLY · first_building Castle |
| 24:16 | AOKI_Thanouille · tribute_sent a jugador 1 |
| 24:16 | AOKI_Thanouille · tribute_sent a jugador 3 |
| 24:16 | AOKI_Thanouille · tribute_sent a jugador 4 |
| 24:16 | AOKI_Thanouille · tribute_sent a jugador 5 |
| 24:16 | AOKI_Thanouille · tribute_sent a jugador 6 |
[ ANÁLISIS IA · 1 CRÉDITO ]
¿Qué pasó realmente en esta partida?
Wolo.gg analiza cada decisión: build order, eco, micro, errores típicos por bracket. Análisis personalizado por WhatsApp o Discord en 30 segundos.
Guía civ
Gurjaras
Perfil
Jugador #237394